 Dungeon Crawl Stone Soup version 0.30-a0-737-gf23d94013f (webtiles) character file.

Game seed: 16714511861379722279

20787 Pooter the Severer (level 12, -1/165 HPs)
             Began as a Minotaur Berserker on Feb 2, 2023.
             Was a Priest of Trog.
             Slain by a reaper
             ... wielding a +1 scythe of freezing
              (20 damage)
             ... in an ice cave on Feb 3, 2023.
             The game lasted 01:05:42 (13450 turns).

Pooter the Severer (Minotaur Berserker)            Turns: 13450, Time: 01:05:42

Health: -1/165     AC: 25    Str: 26    XL:     12   Next: 48%
Magic:  11/11      EV:  8    Int:  7    God:    Trog [***...]
Gold:   1320       SH:  8    Dex: 11    Spells: 11/11 levels left

rFire   + + +      SeeInvis .    a - +2 war axe (protect)
rCold   + + +      Faith    .    G - +2 shield of Resistance {rF++ rC++ Will++}
rNeg    . . .      Spirit   .    i - +3 chain mail {rF+}
rPois   +          Reflect  .    N - +1 hat
rElec   .          Harm     .    r - +1 cloak of Supple Strength {rPois rC+ Will- Int+3}
rCorr   .          Rampage  .    (no gloves)
Will    +....                    E - +2 pair of boots Stlth
                                 (no amulet)
HPRegen 0.47/turn                (no ring)
MPRegen 0.12/turn                (no ring)

@: mighty, berserking (expiring), under a protective aura, very quick
A: horns 2, retaliatory headbutt
a: Renounce Religion, Berserk, Trog's Hand


You were in an ice cave.
You worshipped Trog.
Trog was most pleased with you.
You visited 2 branches of the dungeon, and saw 13 of its levels.
You also visited: Ice Cave and Volcano.

You collected 1773 gold pieces.
You spent 453 gold pieces at shops.

Inventory:

Hand Weapons
 a - a +2 war axe of protection (weapon)
   (You found it on level 5 of the Dungeon)
 b - a +0 sling
   (You took it off a goblin on level 4 of the Dungeon)
 p - a +4 flail of freezing
   (You took it off a wight on level 9 of the Dungeon)
 y - a +0 halberd
   (You took it off a gnoll on level 2 of the Dungeon)
 C - a +0 battleaxe
   (You took it off an orc on level 4 of the Dungeon)
 H - a +3 scimitar of flaming
   (You took it off Erica on level 10 of the Dungeon)
Missiles
 l - 7 boomerangs
 n - 17 poisoned darts (quivered)
 F - 3 curare-tipped darts
 I - a throwing net {!f}
 M - 6 javelins
 Q - 112 stones
Armour
 i - a +3 chain mail of fire resistance (worn)
   (You found it in a volcano)
 r - the +1 cloak of Supple Strength (worn) {rPois rC+ Will- Int+3}
   (You bought it in a shop on level 3 of the Dungeon)

   Int:       It affects your intelligence (+3).
   rC:        It protects you from cold.
   rPois:     It protects you from poison.
   Will:      It decreases your willpower.
 E - a +2 pair of boots (worn)
   (You found it on level 1 of the Lair of Beasts)
 G - the +2 shield of Resistance (worn) {rF++ rC++ Will++}
   (You found it on level 7 of the Dungeon)

   rF:        It greatly protects you from fire.
   rC:        It greatly protects you from cold.
   Will:      It greatly increases your willpower.
 N - a +1 hat (worn)
   (You found it on level 3 of the Lair of Beasts)
Wands
 d - a wand of iceblast (2)
   (You found it on level 10 of the Dungeon)
 f - a wand of flame (4)
   (You found it on level 8 of the Dungeon)
 u - a wand of paralysis (6)
   (You found it on level 2 of the Lair of Beasts)
 D - a wand of digging (8)
   (You found it on level 3 of the Dungeon)
 L - a wand of polymorph (3)
   (You found it on level 10 of the Dungeon)
Scrolls
 e - 6 scrolls of poison {!r}
 j - 2 scrolls of fog
 k - 3 scrolls of fear
 o - 3 scrolls of butterflies
 s - 2 scrolls of silence
 t - 5 scrolls of teleportation {@r4}
Potions
 c - 3 potions of lignification {unknown}
 g - 2 potions of invisibility {unknown}
 h - 2 potions of ambrosia
 m - 2 potions of cancellation {unknown}
 q - 2 potions of berserk rage {unknown}
 v - 2 potions of mutation {unknown}
 w - 6 potions of attraction {!q}
 x - 2 potions of degeneration {unknown}
 z - 2 potions of heal wounds {unknown}
 A - 5 potions of curing {@q1}
 B - 2 potions of resistance {unknown}
 J - 3 potions of haste {@q3}
 K - a potion of might


   Skills:
 + Level 11.2 Fighting
 * Level 15.2 Axes
 + Level 11.2 Ranged Weapons
 + Level 5.8 Throwing
 - Level 2.4 Armour
 + Level 6.7 Dodging
 + Level 5.1 Evocations


You had 11 spell levels left.
You didn't know any spells.
Your spell library was empty.

Dungeon Overview and Level Annotations

Branches:
Dungeon (10/15)            Temple (0/1) D:6            Lair (3/5) D:8
  Swamp (0/4) Lair:2        IceCv (1/1)             Volcano (visited)
  Snake: Lair:2-3    Spider: Lair:2-3       Orc: D:9-12

Altars:
Ashenzari
Kikubaaqudgha
Qazlal
Sif Muna

Shops:
D:3 [   D:10 ?


Innate Abilities, Weirdness & Mutations

You have a pair of horns on your head.
You reflexively headbutt those who attack you in melee.


Message History

You kill the ice devil!
Trog accepts your kill.
You feel the effects of Trog's Hand fading.
A death yak simulacrum comes into view.
The death yak simulacrum moves out of view.
A reaper comes into view.
It is wielding a +1 scythe of freezing and wearing a +2 robe of cold resistance.
Found a thick cabochon amulet and 42 gold pieces.
The reaper hits you from afar with a +1 scythe of freezing!!
The reaper freezes you.
A troll simulacrum comes into view.
Found three items.
Your skin stops crawling.
You feel less strong-willed. You block the reaper's attack.
A red film seems to cover your vision as you go berserk!
You feel yourself moving faster!
You feel mighty! The reaper barely misses you.
You hit the reaper.
Your weapon exudes an aura of protection.
You hit the death yak simulacrum.
The reaper hits you with a +1 scythe of freezing!!
You barely miss the reaper. You hit the death yak simulacrum.
You block the death yak simulacrum's attack.
The reaper hits you with a +1 scythe of freezing!
You hit the reaper. You slash the death yak simulacrum! You slice the reaper!!
You slash the death yak simulacrum!
The reaper hits you with a +1 scythe of freezing!!
* * * LOW HITPOINT WARNING * * *
The reaper freezes you.
* * * LOW HITPOINT WARNING * * *
You block the death yak simulacrum's attack.
You hit the reaper but do no damage.
You hit the death yak simulacrum but do no damage.
The reaper hits you with a +1 scythe of freezing!!!
* * * LOW HITPOINT WARNING * * *
The reaper freezes you.
* * * LOW HITPOINT WARNING * * *
You slash the reaper! You slash the death yak simulacrum!
Trog accepts your kill.
Unknown command.
You closely miss the reaper. Your headbutt misses the reaper.
You slash the troll simulacrum!
The reaper hits you with a +1 scythe of freezing!
* * * LOW HITPOINT WARNING * * *
You hit the reaper. You headbutt the reaper. You slice the troll simulacrum!!
Trog accepts your kill.
You slash the reaper!
The reaper hits you with a +1 scythe of freezing!
* * * LOW HITPOINT WARNING * * *
You barely miss the reaper. Your headbutt misses the reaper.
The reaper hits you with a +1 scythe of freezing!!
You die...

#........# #.○ ###
###.......###○° #..
#..#.#.....#○.# .)
##..#.##§...§§## ..
#..§#°○###§.°☼##
#.##..○..☼§.#○§.###
##.#...☼○°§§.#○.°#
#
#?.#..####○..#§..#
#
#"2@...☼.☼.☼.....#
#
#$○#...°§§.§..#..#
#
##.#.#..#°#§○##.##
# #.###..# # # ..
.## # .[ .# ## #..
#. ### ##. #..


You could see a reaper.

Vanquished Creatures
  A ghost crab (Lair:2)
  Erica (D:10)
  A fire crab (Volcano)
  A lindwurm (Volcano)
  An oklob plant (Lair:1)
  3 black mambas
  2 molten gargoyles (Volcano)
  2 ice statues (IceCv)
  3 cane toads
  A rime drake (Lair:2)
  Maggie (D:7)
  An unseen horror (D:10)
  Psyche (D:9)
  A freezing wraith (IceCv)
  8 ice devils (IceCv)
  A troll (D:10)
  8 blink frogs
  2 hornets
  A dire elephant simulacrum (IceCv)
  A wraith (D:10)
  A wyvern (D:9)
  13 yaks
  6 fire bats (Volcano)
  A spectral komodo dragon (Lair:2)
  A basilisk (Lair:1)
  3 steam dragons
  2 death yak simulacra (IceCv)
  2 wargs (D:8)
  A spectral cane toad (Lair:2)
  An acid dragon (D:9)
  7 water moccasins
  A hell hound (Volcano)
  Duvessa (D:7)
  A spectral blink frog (Lair:2)
  4 orc warriors
  An ice beast (D:5)
  A sky beast (D:6)
  A black bear (Lair:1)
  A centaur (D:8)
  An ogre (D:6)
  A phantom (D:6)
  A kobold brigand (D:7)
  11 bullfrogs
  7 necrophages
  2 scorpions (D:5)
  2 two-headed ogre simulacra (IceCv)
  2 cane toad simulacra (IceCv)
  9 wights
  Dowan (D:7)
  5 killer bees (D:10)
  An elephant simulacrum (IceCv)
  3 howler monkeys
  A vampire bat (D:8)
  6 lava snakes (Volcano)
  A hound (D:5)
  A gnoll bouda (D:9)
  3 jellies
  4 orc priests
  An iguana (D:5)
  6 orc wizards
  A spriggan simulacrum (IceCv)
  5 troll simulacra (IceCv)
  A wolf simulacrum (IceCv)
  7 gnolls
  11 adders
  2 naga simulacra (IceCv)
  5 white imps
  2 ufetubi
  A worm (D:3)
  2 dart slugs
  23 orcs
  2 bat skeletons (D:8)
  2 bat zombies (D:8)
  8 endoplasms
  8 giant cockroaches
  17 goblins
  14 hobgoblins
  4 jackals (D:3)
  6 quokkas
  4 ball pythons
  5 bats
  6 frilled lizards
  9 kobolds
  5 rats
  A bush (Lair:1)
310 creatures vanquished.

Vanquished Creatures (others)
  A gnoll (D:9)
  2 fungi (Lair:1)
  6 plants
9 creatures vanquished.

Grand Total: 319 creatures vanquished

Notes
Turn   | Place    | Note
-------+----------+-------------------------------------------
     0 | D:1      | Pooter the Minotaur Berserker began the quest for the Orb.
     0 | D:1      | Reached XP level 1. HP: 19/19 MP: 0/0
    53 | D:1      | Reached skill level 4 in Axes
    59 | D:1      | Reached XP level 2. HP: 14/27 MP: 1/1
   381 | D:1      | Reached ** piety under Trog
   382 | D:1      | Reached XP level 3. HP: 33/33 MP: 2/2
   795 | D:2      | Reached skill level 5 in Axes
  1160 | D:2      | Reached XP level 4. HP: 41/41 MP: 3/3
  1609 | D:3      | Reached skill level 6 in Axes
  1613 | D:3      | Reached skill level 5 in Fighting
  1613 | D:3      | Reached XP level 5. HP: 48/48 MP: 4/4
  1714 | D:3      | Reached *** piety under Trog
  1759 | D:3      | Found Paext's Antique Armour Shop.
  1765 | D:3      | Bought a steaming cloak for 161 gold pieces
  1765 | D:3      | Identified the +1 cloak of Supple Strength {rPois rC+ Will-
                  | Int+3} (You bought it in a shop on level 3 of the Dungeon)
  2615 | D:4      | Found a stormy altar of Qazlal.
  2787 | D:4      | Reached skill level 7 in Axes
  2787 | D:4      | Reached skill level 1 in Ranged Weapons
  2787 | D:4      | Reached XP level 6. HP: 36/56 MP: 5/5
  3299 | D:5      | Entered Level 5 of the Dungeon
  3484 | D:5      | Noticed a water moccasin
  3495 | D:5      | Killed a water moccasin
  3546 | D:5      | Noticed an ice beast
  3558 | D:5      | Killed an ice beast
  3559 | D:5      | Reached XP level 7. HP: 51/62 MP: 6/6
  3770 | D:5      | Reached skill level 8 in Axes
  4022 | D:5      | Found a shimmering blue altar of Sif Muna.
  4691 | D:6      | Reached **** piety under Trog
  4692 | D:6      | Reached XP level 8. HP: 67/71 MP: 7/7
  4966 | D:6      | Reached skill level 5 in Ranged Weapons
  4987 | D:6      | Reached skill level 9 in Axes
  5107 | D:6      | Found a staircase to the Ecumenical Temple.
  5585 | D:7      | Found the +2 shield of Resistance {rF++ rC++ Will++}
  5807 | D:7      | Identified a scroll of acquirement
  5807 | D:7      | Acquired 815 gold pieces
  5893 | D:7      | Noticed Dowan
  5893 | D:7      | Noticed Duvessa
  5898 | D:7      | Killed Duvessa
  5899 | D:7      | Killed Dowan
  6018 | D:7      | Noticed Maggie
  6028 | D:7      | Killed Maggie
  6029 | D:7      | Reached skill level 10 in Axes
  6189 | D:7      | Noticed a hornet
  6193 | D:7      | Killed a hornet
  6194 | D:7      | Reached XP level 9. HP: 80/80 MP: 8/8
  6474 | D:7      | You fall into a shaft and drop 1 floor!
  6985 | D:8      | Reached skill level 11 in Axes
  7170 | D:8      | Found a staircase to the Lair.
  7406 | D:8      | Found an ancient bone altar of Kikubaaqudgha.
  8026 | D:9      | Reached XP level 10. HP: 84/89 MP: 9/9
  8049 | D:9      | Reached skill level 12 in Axes
  8149 | D:9      | Noticed Psyche
  8156 | D:9      | Killed Psyche
  8241 | D:9      | Reached skill level 1 in Throwing
  9115 | D:10     | Entered Level 10 of the Dungeon
  9129 | D:10     | Reached skill level 1 in Evocations
  9389 | D:10     | Found Facoheosch's Magic Scroll Shop.
  9401 | D:10     | Bought a scroll of identify for 30 gold pieces
  9401 | D:10     | Bought 2 scrolls of poison for 120 gold pieces
  9401 | D:10     | Bought a scroll of brand weapon for 142 gold pieces
  9484 | D:10     | Noticed Erica
  9506 | D:10     | Killed Erica
  9808 | D:10     | Reached skill level 13 in Axes
 10031 | Lair:1   | Entered Level 1 of the Lair of Beasts
 10043 | Lair:1   | Noticed Sonja
 10045 | Lair:1   | Sonja changed into Sonja the black bear
 10045 | Lair:1   | Noticed Sonja
 10051 | Lair:1   | Killed Sonja the black bear
 10143 | Lair:1   | Found a dark tunnel.
 10149 | Volcano  | Entered a volcano
 10324 | Volcano  | Reached XP level 11. HP: 89/99 MP: 10/10
 10372 | Volcano  | Reached skill level 10 in Ranged Weapons
 10450 | Volcano  | Found a bloodstained altar of Trog.
 10450 | Volcano  | Noticed a lindwurm
 10465 | Volcano  | Killed a lindwurm
 10473 | Volcano  | Reached skill level 10 in Fighting
 10681 | Volcano  | Noticed a fire crab
 10686 | Volcano  | Killed a fire crab
 11091 | Lair:1   | Reached skill level 5 in Dodging
 11251 | Lair:1   | Noticed an oklob plant
 11281 | Lair:1   | Killed an oklob plant
 11282 | Lair:1   | Reached skill level 14 in Axes
 12110 | Lair:2   | Found a broken altar of Ashenzari.
 12646 | Lair:2   | Found a staircase to the Swamp.
 12646 | Lair:2   | Noticed a ghost crab
 12658 | Lair:2   | Killed a ghost crab
 12659 | Lair:2   | Reached skill level 5 in Throwing
 12659 | Lair:2   | Reached XP level 12. HP: 108/108 MP: 11/11
 13077 | Lair:3   | Found a frozen archway.
 13093 | IceCv    | Entered an ice cave
 13332 | IceCv    | Reached skill level 15 in Axes
 13398 | IceCv    | Reached skill level 5 in Evocations
 13438 | IceCv    | Noticed a reaper
 13450 | IceCv    | Slain by a reaper

Illustrated notes

Levels and vault maps discovered:
D:1:      dpeg_arrival_windows_large_door, layout_rooms
D:2:      layout_basic
D:3:      layout_basic, serial_shops, nicolae_square_shop, serial_corexii_hall,
          chequers_hall_statues_y, chequers_hall_statues_wall_a
D:4:      cheibrodos_greedy_goblins, layout_basic, mainiacjoe_overflow_24_doors,
          minmay_misc_feat_four_crosses
D:5:      layout_gridville, lemuel_blue_sif_altar, minmay_crystal_water
D:6:      layout_cave_pods, minmay_temple_entry_trees
D:7:      layout_loops_corners, uniq_duvessa, uniq_maggie
D:8:      layout_rooms, kennysheep_vampire_church, erik_lair_orcish_takeover
D:9:      layout_stronghold, kennysheep_pointless_box, uniq_psyche
D:10:     layout_cave_pools, serial_shops, nicolae_shop_waterfront, uniq_erica
Lair:1:   layout_long_grid, enter_volcano_2, minmay_lair_oklob_bushes,
          uniq_sonja
Lair:2:   layout_misc_corridors, nicolae_swamp_entry_spooky, basic_altar,
          grunt_megastairs_2
Lair:3:   layout_regular_city, guppyfry_snake_entry_garden,
          portal_ice_cave_entry_pillars_1, gauntlet_entry_generic,
          cheibrodos_lair_caveside_slide, roderic_carrion_pond,
          lemuel_fruit_tree
IceCv:    ice_cave_small_demon

Skill      XL: |  1  2  3  4  5  6  7  8  9 10 11 12 |
---------------+-------------------------------------+-----
Axes           | 4 5 6 7 8 10 11 13 14 15 | 15.2
Fighting       | 4 5 6 7 8 9 10 11 | 11.2
Ranged Weapons | 1 3 4 7 9 10 11 | 11.2
Throwing       | 3 5 |  5.8
Evocations     | 2 4 5 |  5.1
Dodging        | 4 5 6 |  6.7
Armour         | |  2.4

Action                     |  1- 3 |  4- 6 |  7- 9 | 10-12 || total
---------------------------+-------+-------+-------+-------++-------
  Melee: Hand axe          |    98 |    13 |       |       ||   111
         Headbutt          |    11 |    19 |    31 |    82 ||   143
         Halberd           |       |   104 |       |       ||   104
         Battleaxe         |       |    36 |    71 |       ||   107
         War axe           |       |       |   120 |   376 ||   496
         Unarmed           |       |       |       |     3 ||     3
   Fire: Sling             |       |     7 |    32 |     2 ||    41
  Throw: Boomerang         |       |     1 |    17 |    24 ||    42
         Javelin           |       |       |       |     4 ||     4
         Dart              |       |       |       |     4 ||     4
 Invoke: Berserk           |       |     3 |     9 |    18 ||    30
         Trog's Hand       |       |     1 |     2 |    24 ||    27
  Evoke: Wand              |       |       |    12 |     8 ||    20
    Use: Scroll            |     2 |     5 |     3 |    13 ||    23
         Potion            |       |       |       |     6 ||     6
   Stab: Sleeping          |     2 |     2 |       |       ||     4
 Armour: Animal skin       |    22 |    24 |       |       ||    46
         Chain mail        |       |    21 |    98 |   194 ||   313
  Dodge: Dodged            |    50 |    73 |    50 |   103 ||   276
  Block: Kite shield       |       |       |    38 |   150 ||   188

Table legend: (Time is in decaauts)
 A = Elapsed time spent in this place.
 B = Non-inter-level travel time spent in this place.
 C = Inter-level travel time spent in this place.
 D = Time resting spent in this place.
 E = Time spent auto-exploring this place.
 F = Levels seen in this place.
 G = Mean time per level.
                   A        B        C        D        E       F      G
               +--------+--------+--------+--------+--------+-----+--------+
         Total |  13809 |  13533 |    276 |   3028 |   7878 |  15 |  920.6 |
       Dungeon |  10333 |  10057 |    276 |   1949 |   6452 |  10 | 1033.3 |
          Lair |   2182 |   2182 |      0 |    465 |   1280 |   3 |  727.3 |
      Ice Cave |    352 |    352 |      0 |    166 |      0 |   1 |  352.0 |
       Volcano |    941 |    941 |      0 |    447 |    146 |   1 |  941.0 |
               +--------+--------+--------+--------+--------+-----+--------+

Top non-repeatable levels by time:
     D:9: 1425 daAuts
     D:5: 1347 daAuts
     D:7: 1295 daAuts
  Lair:1: 1096 daAuts
     D:8: 1016 daAuts
     D:2: 993 daAuts
  Lair:2: 990 daAuts
     D:6: 969 daAuts
     D:4: 949 daAuts
 Volcano: 941 daAuts
    D:10: 919 daAuts
     D:3: 817 daAuts
     D:1: 600 daAuts
   IceCv: 352 daAuts
  Lair:3: 95 daAuts
